 Dungeon Crawl Stone Soup version 0.29-a0-824-gd827844252 (webtiles) character file.

Game seed: 5280443968652506586

23 coolguy69 the Cutter (level 2, 0/16 HPs)
             Began as a Vine Stalker Berserker on July 10, 2022.
             Was a Follower of Trog.
             Succumbed to an adder's poison
             ... on level 2 of the Dungeon.
             The game lasted 00:00:40 (1388 turns).

coolguy69 the Cutter (Vine Stalker Berserker)       Turns: 1388, Time: 00:00:40

Health: 0/16       AC:  2    Str: 19    XL:     2   Next: 95%
Magic:  1/3        EV: 12    Int:  7    God:    Trog [*.....]
Gold:   143        SH:  0    Dex: 13    Spells: 1/1 levels left

rFire   . . .      SeeInvis .   a - +0 short sword
rCold   . . .      Faith    .   (no shield)
rNeg    . . .      Spirit   +   b - +0 animal skin
rPois   .          Reflect  .   (no helmet)
rElec   .          Harm     .   (no cloak)
rCorr   .          Rampage  .   (no gloves)
Will    .....                   (no boots)
Stlth   +.........              (no amulet)
HPRegen 0.05/turn               (no ring)
MPRegen 0.08/turn               (no ring)

@: lethally poisoned (0 -> -7)
A: fangs 2, magic shield, antimagic bite, no potion heal 2
a: Renounce Religion, Berserk


You were on level 2 of the Dungeon.
You worshipped Trog.
Trog was aware of your devotion.
You visited 1 branch of the dungeon, and saw 2 of its levels.

You collected 143 gold pieces.

Inventory:

Hand Weapons
 a - a +0 short sword (weapon)
Armour
 b - a +0 animal skin (worn)
Jewellery
 j - a ring of see invisible
Scrolls
 c - a scroll of teleportation {unknown}
 f - a scroll of enchant armour {unknown}
 g - a scroll of acquirement {unknown}
 i - a scroll of identify {unknown}
 l - a scroll of magic mapping {unknown}
Potions
 d - 3 potions of heal wounds {unknown}
 e - 2 potions of flight {unknown}
 h - a potion of might {unknown}
 k - a potion of magic {unknown}


   Skills:
 + Level 3.0 Fighting
 + Level 3.0 Short Blades
 + Level 1.7 Armour
 + Level 1.8 Dodging


You had one spell level left.
You didn't know any spells.
Your spell library was empty.

Dungeon Overview and Level Annotations

Branches:
Dungeon (2/15)

Altars:


Innate Abilities, Weirdness & Mutations

You have extremely sharp teeth.
When hurt, damage is shared between your health and your magic reserves.
Your bite disrupts and absorbs the magic of your enemies.
Potions cannot restore your health.


Message History

The frilled lizard hisses angrily.
The frilled lizard bites you but does no damage.
A frilled lizard is nearby!
A frilled lizard is nearby!
You miss the frilled lizard. Your bite misses the frilled lizard.
A frilled lizard is nearby!
You closely miss the frilled lizard. Your bite misses the frilled lizard.
The frilled lizard barely misses you.
A frilled lizard is nearby!
You barely miss the frilled lizard. The frilled lizard misses you.
A frilled lizard is nearby!
You miss the frilled lizard.
The frilled lizard bites you but does no damage.
A frilled lizard is nearby!
You hit the frilled lizard.
You kill the frilled lizard!
Trog accepts your kill.
There is a stone staircase leading up here.
A gnoll comes into view. It is wielding a +0 halberd.
The gnoll shouts!
The gnoll hits you from afar with a +0 halberd!
Ouch! That really hurt!
An adder comes into view.
The adder hisses angrily.
You are too injured to fight recklessly!
You are too injured to fight recklessly!
There are monsters nearby!
You are too injured to fight recklessly!
You are too injured to fight recklessly!
You fail to use your ability.
The gnoll barely misses you.
You closely miss the adder. The adder bites you.
You are lethally poisoned!
The adder poisons you!
The gnoll hits you from afar with a +0 halberd.
* * * LOW HITPOINT WARNING * * *
The adder barely misses you.
You hit the adder. You bite the adder. You drain its power.
You feel invigorated.
The adder is severely wounded.
You die...

#.....##.####.#
##............#
#............#
#<....†.####.#
#..............
#......##.#..#####
#.###.#...#..>....
#.# #.#.####......
#@# #.............
#S# ###...........
#g. #######.....
#..# #..... #..#
#..... ##.# ###...
.# #... .. #...
#...


You could see a gnoll and an adder.

Vanquished Creatures
  A dart slug (D:1)
  A bat (D:1)
  7 endoplasms
  A giant cockroach (D:1)
  A goblin (D:1)
  A hobgoblin (D:2)
  2 ball pythons (D:1)
  3 frilled lizards
  A kobold (D:1)
  A rat (D:1)
19 creatures vanquished.

Notes
Turn   | Place    | Note
-------+----------+-------------------------------------------
     0 | D:1      | coolguy69 the Vine Stalker Berserker began the quest for
                  | the Orb.
     0 | D:1      | Reached XP level 1. HP: 11/11 MP: 2/2
   393 | D:1      | Found a faded altar of an unknown god.
   465 | D:1      | Reached XP level 2. HP: 10/16 MP: 1/3
  1388 | D:2      | Succumbed to an adder's poison

Illustrated notes

Levels and vault maps discovered:
D:1:      enne_arrival_octagon_isle, layout_basic,
          dreamdust_ecumenical_altar_angels_and_demons, minmay_door_square,
          dreamdust_wishing_well
D:2:      minmay_evil_eye, layout_basic, serial_undead, serial_undead_b,
          serial_undead_a, serial_undead_c, serial_undead_b, serial_shops,
          nicolae_shop_trees, chequers_serial_rivers_room_b,
          minmay_misc_feat_pillars

Skill      XL: |  1  2 |
---------------+-------+-----
Short Blades   | 3 |  3.0
Fighting       | 3 |  3.0
Armour         | |  1.7
Dodging        | |  1.8

Action                   || total
-------------------------++-------
Melee: Short sword       ||    64
       Bite              ||    14
       Punch             ||     1
Invok: Berserk           ||     1
Armor: Animal skin       ||    14
Dodge: Dodged            ||    31

Table legend: (Time is in decaauts)
 A = Elapsed time spent in this place.
 B = Non-inter-level travel time spent in this place.
 C = Inter-level travel time spent in this place.
 D = Time resting spent in this place.
 E = Time spent auto-exploring this place.
 F = Levels seen in this place.
 G = Mean time per level.
                   A        B        C        D        E       F      G
               +--------+--------+--------+--------+--------+-----+--------+
         Total |   1394 |   1362 |     32 |      0 |   1201 |   2 |  697.0 |
       Dungeon |   1394 |   1362 |     32 |      0 |   1201 |   2 |  697.0 |
               +--------+--------+--------+--------+--------+-----+--------+

Top non-repeatable levels by time:
     D:1: 1306 daAuts
     D:2: 88 daAuts
